[Event "Live Chess"]
[Site "Chess.com"]
[Date "2023.05.20"]
[Round "-"]
[White "Supertromp"]
[Black "Fayn02"]
[Result "1-0"]
[WhiteElo "2163"]
[BlackElo "1019"]
[TimeControl "300"]
[EndTime "9:33:46 PDT"]
[Termination "Supertromp won by resignation"]

1. d4 d5 2. c4 c6 3. Nc3 Bf5 4.
cxd5 cxd5 5. Qb3 e6 6. Qxb7 Nd7 7. Bf4 Ngf6 8. Nb5 Bb4+ 9. Kd1 O-O 10. a3 Ba5 11.
Nf3 Qb6 12. Qxb6 Bxb6 13. e3 Rac8 14. Nd6 Ne4 15. Nxc8 Rxc8 16. Bg3 Bc7 17. Rc1 Nb6 18. Ke1 Nxg3 19. hxg3 Bd8 20. Rxc8 Nxc8 21. Kd2 Ba5+ 22. b4 Bb6 23. Bd3 Bxd3 24. Kxd3 Nd6 25. Rc1 h6 26.
Ne5 f6 27. Nd7 Nb5 28. Nxb6 axb6 29. a4 Nd6 30. a5 bxa5 31. bxa5 Kf7 32. a6 Nb5 33. Rc5 Na7 34. Rc7+ 1-0

[Event "Live Chess"]
[Site "Chess.com"]
[Date "2023.05.20"]
[Round "-"]
[White "SimpleHarmonic1"]
[Black "Andysav3"]
[Result "1-0"]
[WhiteElo "2075"]
[BlackElo "1688"]
[TimeControl "300"]
[EndTime "9:33:49 PDT"]
[Termination "SimpleHarmonic1 won by resignation"]

1. d4 Nf6 2. c4 e5 3. dxe5 Ng4 4. Nf3 Bc5 5. e3 Nc6 6. Nc3 O-O 7. Be2 Ngxe5 8. O-O d6 9. a3 a5 10. b3 Bf5 11. Bb2 Re8 12. Nd4 Bd7 13. Nd5 Ne7 14.
Nf4 N7g6 15. Nd3 Nxd3 16. Bxd3 Ne5 17. Bc2 Qh4 18. Nf3 Nxf3+ 19. Qxf3 Bc6 20. Qg3 Qxg3 21. hxg3 f6 22. Bc3 Be4 23. Bd1 Bb6 24. Be2 Kf7 25. b4 axb4 26. axb4 g6 27. Rfd1 h5 28. Kf1 Bf5 29.
Bf3 Rxa1 30. Rxa1 Bd3+ 31. Be2 Bxe2+ 32. Kxe2 f5 33. Rd1 Re7 34. Kf3 g5 35. Rd5 Kg6 36.
c5 dxc5 37. bxc5 Ba7 38. Bd4 c6 39. Rd8 g4+ 40. Ke2 f4 41. gxf4 1-0

[Event "Live Chess"]
[Site "Chess.com"]
[Date "2023.05.20"]
[Round "-"]
[White "WelshTiger"]
[Black "EdenHazard8"]
[Result "0-1"]
[WhiteElo "2431"]
[BlackElo "2120"]
[TimeControl "300"]
[EndTime "9:33:54 PDT"]
[Termination "EdenHazard8 won by checkmate"]

1. e4 c5 2. Nc3 Nc6 3. Bb5 g6 4.
Bxc6 bxc6 5. Nf3 Bg7 6. O-O e6 7. d3 Ne7 8. Be3 d6 9. e5 Nd5 10. exd6 Nxe3 11. fxe3 Qxd6 12. Qd2 Rb8 13. b3 O-O 14.
Ne4 Qe7 15. Rae1 Rd8 16. Qa5 Rb5 17. Qa3 f5 18. Ned2 Bc3 19. Re2 Ra5 20. Qc1 Rxa2 21.
Nc4 Ra1 22. Qxa1 Bxa1 23. Rxa1 Qg7 24. Ra5 Rd5 25. e4 fxe4 26. Rxe4 e5 27. Nfxe5 Bf5 28. Re2 Qe7 29. Ra6 Bg4 30. Re3 Qg5 31. Rxc6 Rxe5 32. Rxe5 Qc1+ 33. Kf2 Qxc2+ 34. Kg3 Bf5 35. Rc7 Qxd3+ 36.
Kf4 Qd4+ 37. Kg3 Qg4+ 38. Kf2 Qf4+ 39. Ke2 Bg4+ 40. Kd3 Qd4+ 41. Kc2 Bf5+ 42. Kc1 Qc3+ 43. Kd1 Qxb3+ 44. Ke2 Qxc4+ 45. Ke3 Qd4+ 46. Kf3 Qxe5 47. Rc8+ Kg7 48. Rd8 Qe4+ 49. Kf2 Qf4+ 50. Ke2 c4 51. Re8 Bd3+ 52. Kd1 c3 53. Re2 c2+ 54. Rxc2 Bxc2+ 55. Kxc2 Qf2+ 56. Kc3 Qxg2 57. Kd4 Qxh2 58. Kd5 Qg3 59. Kc6 h5 60. Kb7 h4 61. Ka8 h3 62. Kb7 h2 63.
Ka8 h1=Q+ 64. Kxa7 Qf1 65. Kb6 Qgg2 66. Kc7 Qge2 67. Kd8 Qfd1+ 68. Kc7 Qec2+ 69. Kb6 Qdb1+ 70. Ka5 Qca2# 0-1

[Event "Live Chess"]
[Site "Chess.com"]
[Date "2023.05.20"]
[Round "-"]
[White "JoshMcK"]
[Black "amazinggoalkeeper"]
[Result "1-0"]
[WhiteElo "1540"]
[BlackElo "499"]
[TimeControl "300"]
[EndTime "9:33:54 PDT"]
[Termination "JoshMcK won by resignation"]

1. e4 e5 2. Nf3 Nc6 3. Bb5 Nd4 4.
Nxd4 exd4 5. O-O Bd6 6. c3 Nf6 7. cxd4 Nxe4 8. Re1 O-O 9. Rxe4 Re8 10. Rxe8+ Qxe8 11. Nc3 c5 12. dxc5 Bc7 13. d4 Qe7 14. Nd5 1-0

[Event "Live Chess"]
[Site "Chess.com"]
[Date "2023.05.20"]
[Round "-"]
[White "bristolunichess"]
[Black "ranvir123"]
[Result "1-0"]
[WhiteElo "1847"]
[BlackElo "837"]
[TimeControl "300"]
[EndTime "9:34:05 PDT"]
[Termination "bristolunichess won by resignation"]

1. e4 e5 2. Nf3 Nc6 3. Bc4 Nd4 4. O-O Nxf3+ 5. Qxf3 Qf6 6. Qb3 d6 7. Nc3 Be6 8. Bxe6 Qxe6 9. Qxb7 Qc8 10. Qc6+ Qd7 11. Qxa8+ Qc8 12. Qc6+ Ke7 13. d4 Qb7 1-0

[Event "Live Chess"]
[Site "Chess.com"]
[Date "2023.05.20"]
[Round "-"]
[White "CheckString"]
[Black "HD_IN4k"]
[Result "1-0"]
[WhiteElo "1352"]
[BlackElo "297"]
[TimeControl "300"]
[EndTime "9:34:25 PDT"]
[Termination "CheckString won by checkmate"]

1. e4 g6 2. d4 Bg7 3. f4 d5 4. e5 f6 5. Nc3 fxe5 6. fxe5 Nh6 7. h3 O-O 8. Nf3 e6 9. Be3 b6 10. Qd2 c5 11. Bxh6 Bxh6 12. Qxh6 cxd4 13. Ng5 Qd7 14.
Ne2 Nc6 15. O-O-O Nb4 16. a3 Na2+ 17. Kb1 Nc3+ 18. bxc3 dxc3 19. Nxc3 Rb8 20. Bd3 b5 21. Rhf1 Ba6 22. Kc1 b4 23. axb4 Bxd3 24. cxd3 Rb7 25. Qxf8# 1-0

[Event "Live Chess"]
[Site "Chess.com"]
[Date "2023.05.20"]
[Round "-"]
[White "OSmith06"]
[Black "xx_blindpuffin_xx"]
[Result "0-1"]
[WhiteElo "1737"]
[BlackElo "2188"]
[TimeControl "300"]
[EndTime "9:34:29 PDT"]
[Termination "xx_blindpuffin_xx won by resignation"]

1. e4 e6 2. d4 d5 3. Nd2 dxe4 4. Nxe4 Bd7 5. Nf3 Bc6 6. Bd3 Nd7 7. O-O Ngf6 8. Nxf6+ Nxf6 9. Bg5 Be7 10. Ne5 O-O 11.
Nxc6 bxc6 12. c3 c5 13. dxc5 Bxc5 14. Qf3 h6 15. Bxf6 Qxf6 16. Qxf6 gxf6 17. b4 Bd6 18.
Be4 Rab8 19. a4 f5 20. Bc6 Be5 21. Rac1 Rfd8 22. b5 Rd2 23. c4 Bd4 24. g3 Bc5 25. h4 Rbd8 26. Bf3 Kg7 27. h5 Kf6 28. a5 Ra2 29. a6 Rdd2 30. Rcd1 Bxf2+ 31. Kh1 Bxg3 32. Rxd2 Rxd2 33. Rd1 Rxd1+ 34. Bxd1 Bf2 35. Kg2 Bc5 36. Kf3 e5 37. Bc2 e4+ 38. Kf4 Bd6+ 39. Ke3 Ke5 40.
Bb3 f4+ 41. Ke2 f3+ 42. Kf1 e3 43. c5 Bxc5 44. Bxf7 e2+ 45. Ke1 Bb4+ 46. Kf2 0-1

[Event "Live Chess"]
[Site "Chess.com"]
[Date "2023.05.20"]
[Round "-"]
[White "SaraTang"]
[Black "fgreen"]
[Result "0-1"]
[WhiteElo "168"]
[BlackElo "1509"]
[TimeControl "300"]
[EndTime "9:34:31 PDT"]
[Termination "fgreen won by checkmate"]

1. e4 d6 2. Bc4 g6 3. Qf3 e6 4. e5 d5 5. Bxd5 Qxd5 6. Qxd5 exd5 7. e6 Bxe6 8. Nf3 Bg7 9. O-O Nc6 10. Re1 O-O-O 11. Rxe6 fxe6 12. Ng5 Nh6 13. Nxe6 Rd7 14. Nxg7 Rxg7 15. d3 Nf5 16. Bg5 Re8 17. Bf6 Re1# 0-1

[Event "Live Chess"]
[Site "Chess.com"]
[Date "2023.05.20"]
[Round "-"]
[White "ethanredball"]
[Black "MartinWalker4"]
[Result "0-1"]
[WhiteElo "664"]
[BlackElo "2087"]
[TimeControl "300"]
[EndTime "9:34:35 PDT"]
[Termination "MartinWalker4 won by resignation"]

1. e4 Nf6 2. Nc3 d5 3. exd5 Nxd5 4. Nxd5 Qxd5 5. Nf3 Bg4 6. Qe2 Bxf3 7. Qxf3 Qxf3 8. gxf3 g6 9. d3 Bg7 10. Bg2 Nc6 11. f4 Nd4 12. Bxb7 Rb8 13. Be4 Nxc2+ 0-1

[Event "Live Chess"]
[Site "Chess.com"]
[Date "2023.05.20"]
[Round "-"]
[White "Horseymobile"]
[Black "koljadar"]
[Result "0-1"]
[WhiteElo "1231"]
[BlackElo "1521"]
[TimeControl "300"]
[EndTime "9:34:38 PDT"]
[Termination "koljadar won on time"]

1. d4 e6 2. e4 d5 3. Nc3 dxe4 4. Nxe4 Nf6 5. Bd3 b6 6. Bg5 Be7 7. Nf3 Bb7 8. Nxf6+ Bxf6 9. Bxf6 Qxf6 10. c3 Nd7 11. Qe2 c5 12. Be4 Bxe4 13. Qxe4 O-O 14. O-O cxd4 15. Nxd4 Nc5 16. Qc2 Rac8 17. Rfd1 Rfd8 18.
Rac1 h6 19. b4 Nb7 20. b5 Nc5 21. Nc6 Rxd1+ 22. Rxd1 Ra8 23. c4 Qf4 24. Rd4 Qg5 25. Qd1 Qf6 26. g3 Kh7 27. Rf4 Qg6 28. Qf3 Qb1+ 29.
Kg2 Qxa2 30. Rxf7 Qc2 31. Ne5 Rd8 32. Rf8 Rd2 33. Qf7 Rxf2+ 34. Qxf2 Qxf2+ 35. Kxf2 Ne4+ 0-1

[Event "Live Chess"]
[Site "Chess.com"]
[Date "2023.05.20"]
[Round "-"]
[White "Misha145Chess"]
[Black "alexlines8"]
[Result "0-1"]
[WhiteElo "585"]
[BlackElo "1271"]
[TimeControl "300"]
[EndTime "9:34:39 PDT"]
[Termination "alexlines8 won by checkmate"]

1. e4 c6 2. d4 d5 3. Nc3 dxe4 4. Nxe4 Nf6 5. Nxf6+ exf6 6. Qe2+ Qe7 7. Qxe7+ Bxe7 8. Nf3 Bf5 9. c4 O-O 10. Be2 Re8 11. O-O Nd7 12. Re1 Bb4 13. Bd2 Bxd2 14. Nxd2 a6 15. Bf3 Red8 16. d5 cxd5 17. Bxd5 Nb6 18. Bxb7 Rab8 19. c5 Rxb7 20. cxb6 Rxb6 21. Nc4 Rc6 22.
Na5 Rb6 23. Nc4 Rb5 24. Nd6 Rd5 25. Nb7 Rb8 26. Rad1 Rxd1 27. Rxd1 h6 28. b4 Rxb7 29. Rd8+ Kh7 30. Ra8 Rxb4 31. Rxa6 Rb1# 0-1

[Event "Live Chess"]
[Site "Chess.com"]
[Date "2023.05.20"]
[Round "-"]
[White "OceanFloater"]
[Black "vinni3012"]
[Result "0-1"]
[WhiteElo "983"]
[BlackElo "1880"]
[TimeControl "300"]
[EndTime "9:34:40 PDT"]
[Termination "vinni3012 won by resignation"]

1. e4 c6 2. Nf3 d5 3. e5 c5 4. d4 cxd4 5. Nxd4 Nc6 6. Nc3 e6 7. Bb5 Bd7 8. Nxc6 Bxc6 9. Bxc6+ bxc6 10. O-O Bc5 11. a3 Ne7 12. b4 Bb6 13. a4 a5 14.
b5 O-O 15. bxc6 Nxc6 16. Nb5 Nxe5 17. Ba3 Re8 18. Nd6 Re7 19. Nb7 Rxb7 20. Rb1 Nc4 21. Bc1 Bxf2+ 22. Rxf2 Rxb1 23. Qe1 Qg5 0-1

[Event "Live Chess"]
[Site "Chess.com"]
[Date "2023.05.20"]
[Round "-"]
[White "f4nomore"]
[Black "Hacker_2009"]
[Result "1-0"]
[WhiteElo "1366"]
[BlackElo "1913"]
[TimeControl "300"]
[EndTime "9:34:45 PDT"]
[Termination "f4nomore won by resignation"]

1. d4 Nf6 2. Bg5 e6 3. Bxf6 Qxf6 4. e3 d5 5. Nf3 c5 6. c3 Nc6 7. Be2 cxd4 8. cxd4 Bb4+ 9. Nbd2 O-O 10. O-O b6 11. a3 Bd6 12. h3 Bb7 13. Nh2 Rac8 14. Ng4 Qe7 15. Nf3 Bb8 16. Nge5 Nxe5 17. Nxe5 Bxe5 18. dxe5 Qg5 19. f4 Qg3 20. Bf3 Ba6 21. Qe1 Qxe1 22. Rfxe1 Rc2 23. b4 Rfc8 24. Rab1 h6 25. b5 Bb7 26. Re2 Rxe2 27. Bxe2 Rc2 28. Kf1 Ra2 29. Rb3 Rd2 30. Kf2 d4 31. exd4 Rxd4 32.
Rd3 Rxf4+ 33. Kg3 Rf5 34. Rd8+ Kh7 35. Bd3 g6 36. Bxf5 exf5 37. Rd7 Be4 38. Rxa7 Kg7 39. Ra6 f6 40. e6 g5 41. Rxb6 f4+ 42. Kf2 Kf8 43. Ra6 Ke7 44. Ra7+ Kxe6 45. b6 Kd6 46. b7 Kc7 47. Ra6 Kxb7 48. Rxf6 h5 49. a4 h4 50. a5 Ka7 51. Re6 Bd3 52. Re5 1-0

[Event "Live Chess"]
[Site "Chess.com"]
[Date "2023.05.20"]
[Round "-"]
[White "Jeffaroow"]
[Black "ReeceHockton"]
[Result "1-0"]
[WhiteElo "455"]
[BlackElo "323"]
[TimeControl "300"]
[EndTime "9:34:47 PDT"]
[Termination "Jeffaroow won on time"]

1. e4 e5 2. Nf3 Nc6 3. d4 f6 4. dxe5 fxe5 5. Bc4 Nf6 6. Bg5 Be7 7. Bxf6 Bxf6 8. Nc3 Rf8 9. Nd5 d6 10. O-O Be6 11.
Nxc7+ Qxc7 12. Bxe6 Qe7 13. Bd5 Rb8 14. Bxc6+ Kf7 15.
Qd5+ Qe6 16. Qxe6+ Kxe6 17. Ba4 d5 18. Bb3 Rbd8 19.
Rad1 Ke7 20. Rxd5 Ke8 21. Ba4+ Ke7 22. Rxd8 Rxd8 23. h3 g5 24. c3 a6 25. Rd1 Rc8 26. Bb3 b5 27. Rd7+ Kxd7 28. h4 gxh4 29. Bd1 Ke6 30. Nxh4 Bxh4 31. Bg4+ Kd6 32. Bxc8 Kc7 33.
Bxa6 Kb6 34. Bc8 Kc7 35. Bh3 Kc6 36. g3 Bg5 37. b3 Kc5 38. c4 bxc4 39. bxc4 Kxc4 40.
Be6+ Kd4 41. a4 Kxe4 42. a5 Bd8 43. a6 Bb6 44. Kf1 Kf3 45. g4 Kf4 46. Kg2 h6 47. f3 Kg5 48. Kh3 h5 49. Kg3 h4+ 50. Kh3 Bc5 51. Bf5 Bd4 52. Kg2 Bc5 53. f4+ 1-0

[Event "Live Chess"]
[Site "Chess.com"]
[Date "2023.05.20"]
[Round "-"]
[White "akp42"]
[Black "LiamBellwood"]
[Result "0-1"]
[WhiteElo "1953"]
[BlackElo "2111"]
[TimeControl "300"]
[EndTime "9:34:47 PDT"]
[Termination "LiamBellwood won by checkmate"]

1. e4 e6 2. d4 d5 3. e5 c5 4. c3 Nc6 5. Be3 Bd7 6. Nf3 Qb6 7. Qd2 f6 8. dxc5 Bxc5 9. Bxc5 Qxc5 10. exf6 Nxf6 11.
Bd3 O-O 12. O-O e5 13. b4 Qd6 14. b5 Ne7 15. Bc2 Bf5 16. Re1 Bxc2 17. Qxc2 Ng6 18.
Nbd2 e4 19. Nd4 Ng4 20. Nf1 Rxf2 21. Qb3 Nh4 22. Rxe4 Rxg2+ 23. Kh1 Nf2# 0-1

[Event "Live Chess"]
[Site "Chess.com"]
[Date "2023.05.20"]
[Round "-"]
[White "HoarseyHorsey"]
[Black "luckywookie"]
[Result "1-0"]
[WhiteElo "1388"]
[BlackElo "717"]
[TimeControl "300"]
[EndTime "9:34:53 PDT"]
[Termination "HoarseyHorsey won by resignation"]

1. d4 c6 2. c4 d5 3. cxd5 cxd5 4. Bf4 Nc6 5. e3 Bf5 6. Nf3 e5 7. Nxe5 Nxe5 8. Bxe5 Bb4+ 9. Nc3 Ne7 10. Bxg7 Rg8 11.
Bf6 Be4 12. Qa4+ Kf8 13. Qxb4 a5 14. Bxe7+ Qxe7 15. Qxe7+ Kxe7 16. Nxe4 dxe4 17. g3 Rac8 18. Bg2 Rc2 19. O-O f5 20. Rab1 b5 21. Rfc1 Rc4 22. Rxc4 bxc4 23. Rc1 Rc8 24. Rc3 a4 25. Bf1 Kd6 26. Rxc4 Rxc4 27. Bxc4 Kc6 28. b3 a3 29. Kf1 h6 30. Ke1 Kb6 31. Kd2 Kc6 32. Kc3 Kd6 33. Kb4 Kc6 34. Kxa3 Kb6 35. Kb4 h5 36. a4 f4 37. gxf4 h4 38. f5 1-0

[Event "Live Chess"]
[Site "Chess.com"]
[Date "2023.05.20"]
[Round "-"]
[White "JackRudd"]
[Black "Enhard"]
[Result "1-0"]
[WhiteElo "2424"]
[BlackElo "1386"]
[TimeControl "300"]
[EndTime "9:34:55 PDT"]
[Termination "JackRudd won by resignation"]

1. d4 c6 2. c4 d5 3. Nf3 Nf6 4.
Nc3 Bf5 5. cxd5 Nxd5 6. Qb3 e6 7.
e4 Nxc3 8. exf5 Nd5 9. fxe6 fxe6 10. Qxb7 Nd7 11. Qxc6 Bb4+ 12. Bd2 Bxd2+ 13. Nxd2 O-O 14. Qxe6+ Kh8 15. Qxd5 Re8+ 16. Be2 Rxe2+ 17. Kxe2 Qe7+ 18. Kf1 Re8 19. g3 Qe2+ 20. Kg2 Nf6 21. Qg5 Ne4 22. Nxe4 Qxe4+ 23. f3 Qc2+ 24. Kh3 Qc8+ 25. Qg4 Qc6 26. Rhe1 Qh6+ 27. Qh4 Qc6 28. Rxe8+ Qxe8 29. Re1 Qc8+ 30. Qg4 Qd8 31. Qe6 1-0

[Event "Live Chess"]
[Site "Chess.com"]
[Date "2023.05.20"]
[Round "-"]
[White "BearFromUkraine"]
[Black "thrithik"]
[Result "1-0"]
[WhiteElo "1196"]
[BlackElo "483"]
[TimeControl "300"]
[EndTime "9:35:04 PDT"]
[Termination "BearFromUkraine won by checkmate"]

1. e4 Nf6 2. e5 d6 3. exf6 exf6 4. Nf3 Qe7+ 5. Qe2 Bg4 6. Qxe7+ Bxe7 7. Be2 Bxf3 8. Bxf3 Bf8 9. Bxb7 Nd7 10. Bxa8 Nb6 11.
Bf3 Be7 12. O-O f5 13. Nc3 Bd8 14. d4 Rf8 15. Re1+ Kd7 16. Be3 f6 17. Nd5 c6 18.
Nxb6+ Bxb6 19. d5 Ba5 20. dxc6+ Kc7 21. c3 Bb6 22. Bxb6+ Kxb6 23. Rad1 d5 24. Bxd5 Kc5 25.
Bf3 g5 26. g3 f4 27. c7 h5 28. Rd8 Rxd8 29. cxd8=Q g4 30. Bxg4 hxg4 31. Qxf6 Kc4 32. Qd4+ Kb5 33. Re5+ Kc6 34. Qc5+ Kb7 35. Re7+ Ka6 36.
a4 fxg3 37. Qb5# 1-0

[Event "Live Chess"]
[Site "Chess.com"]
[Date "2023.05.20"]
[Round "-"]
[White "JormaIbo"]
[Black "chrisbradgate"]
[Result "0-1"]
[WhiteElo "421"]
[BlackElo "830"]
[TimeControl "300"]
[EndTime "9:35:06 PDT"]
[Termination "chrisbradgate won on time"]

1. e4 e5 2. Nf3 Nc6 3. Bc4 h6 4. O-O f6 5. d3 d6 6. Nc3 Bg4 7. h3 Bxf3 8. Qxf3 Qd7 9. b3 a6 10. Nd5 O-O-O 11. Ne3 Nge7 12. a4 Nb4 13. Bd2 Nbc6 14.
Nd5 Nxd5 15. exd5 Nd4 16. Qe3 Nxc2 17. Qa7 Qf5 18. Rac1 Nd4 19. Qa8+ Kd7 20. Qxb7 Ne2+ 21. Kh1 Nxc1 22. Qc6+ Ke7 23. Qxc7+ Rd7 24. Qc6 Ne2 25. d4 Nxd4 26. Qxa6 g5 27. Bb4 Bg7 28. Bb5 Nxb5 29.
Qxb5 g4 30. Rc1 Qxf2 31. Bxd6+ Rxd6 32. Rc7+ Rd7 33. Rxd7+ Ke8 0-1

[Event "Live Chess"]
[Site "Chess.com"]
[Date "2023.05.20"]
[Round "-"]
[White "Zeraora719"]
[Black "Chesscoach_Golichenko"]
[Result "0-1"]
[WhiteElo "1280"]
[BlackElo "2644"]
[TimeControl "300"]
[EndTime "9:35:12 PDT"]
[Termination "Chesscoach_Golichenko won by checkmate"]

1. e4 Nf6 2. Nc3 d6 3. d4 g6 4. Nf3 Bg7 5. g3 O-O 6. Bg2 c6 7. e5 dxe5 8. dxe5 Qxd1+ 9. Nxd1 Ng4 10. O-O Nxe5 11. Nc3 Bg4 12. Bf4 Nxf3+ 13. Bxf3 Bxf3 14. Bxb8 Raxb8 15. Rfd1 Bxd1 16. Rxd1 Bxc3 17. bxc3 Rbd8 18. Rd2 Rxd2 19. Kg2 Rfd8 20. Kg1 Rxc2 21. Kf1 Rdd2 22. Ke1 Rxf2 23. Kd1 Rxh2 24. Ke1 Rxa2 25. Kd1 Ra1# 0-1

[Event "Live Chess"]
[Site "Chess.com"]
[Date "2023.05.20"]
[Round "-"]
[White "GMHarry-youtube"]
[Black "gmnorfolk"]
[Result "0-1"]
[WhiteElo "2173"]
[BlackElo "2167"]
[TimeControl "300"]
[EndTime "9:35:13 PDT"]
[Termination "gmnorfolk won by checkmate"]

1. e4 e5 2. Nf3 Nc6 3. Bc4 Nf6 4. d3 Bc5 5. c3 O-O 6. O-O d5 7.
exd5 Nxd5 8. Qb3 Nb6 9. Bb5 Be6 10. c4 Nd4 11. Nxd4 Bxd4 12. Be3 a6 13. Ba4 Nxa4 14. Qxa4 Bxb2 15. Nd2 Bxa1 16. Rxa1 Qxd3 17. Nf3 Qxc4 18. Qxc4 Bxc4 19. Nxe5 Be6 20. Rc1 c6 21. Bb6 Bxa2 22.
Rd1 Bd5 23. f4 Rfe8 24. Kf2 a5 25. Ra1 a4 26. Ra3 Ra6 27. Nd7 Re7 28. Nb8 Rxb6 29. Rxa4 Rb2+ 30. Kg3 Rxg2+ 31. Kh3 Re6 32. f5 Rh6+ 33.
Rh4 Rxh4+ 34. Kxh4 Rxh2+ 35. Kg5 f6+ 36. Kf4 Rh4+ 37. Ke3 Re4+ 38. Kd3 Re7 39. Kc3 b6 40. Na6 Re5 41. Nb8 Rxf5 42. Nd7 h5 43. Nxb6 h4 44.
Na4 h3 45. Nc5 h2 46. Nd3 Rf3 47. Kc2 Rxd3 48. Kb2 Rg3 49. Kc2 h1=Q 50. Kd2 Qh2+ 51. Ke1 Rg1# 0-1

[Event "Live Chess"]
[Site "Chess.com"]
[Date "2023.05.20"]
[Round "-"]
[White "CheckThis4"]
[Black "Duke_of_Bebington"]
[Result "1-0"]
[WhiteElo "2535"]
[BlackElo "1551"]
[TimeControl "300"]
[EndTime "9:35:14 PDT"]
[Termination "CheckThis4 won by resignation"]

1. Nf3 d5 2. c4 c6 3. d4 Nf6 4. Nc3 dxc4 5. a4 Bf5 6. e3 e6 7. Bxc4 Nbd7 8. O-O Bd6 9. Qe2 Ne4 10. Bd3 Ndf6 11. h3 O-O 12. Nd2 Nxd2 13. Bxd2 Bxd3 14. Qxd3 Nd5 15. Ne4 Be7 16. a5 Qc7 17. Rfc1 Rfd8 18. a6 Rac8 19. axb7 Qxb7 20. Qc2 Rc7 21. Ba5 Nb6 22. Nc5 Bxc5 23. dxc5 Nd5 24. Bxc7 Qxc7 25. Rd1 h6 26. e4 Nf6 27. Rxd8+ Qxd8 28. Rxa7 Qd4 29.
Ra8+ Kh7 30. e5+ Qe4 31. Qxe4+ Nxe4 32. b4 Nd2 33. Rc8 Nc4 34. f4 1-0

[Event "Live Chess"]
[Site "Chess.com"]
[Date "2023.05.20"]
[Round "-"]
[White "LodeshChess"]
[Black "toog"]
[Result "0-1"]
[WhiteElo "874"]
[BlackElo "2635"]
[TimeControl "300"]
[EndTime "9:35:19 PDT"]
[Termination "toog won by resignation"]

1. e4 c6 2. Nf3 d5 3. d3 Bg4 4.
Nbd2 Nf6 5. Be2 Nbd7 6. h3 Bxf3 7.
Bxf3 e6 8. O-O Bd6 9. Re1 Qc7 10.
b3 O-O-O 11. exd5 exd5 12. c4 Ne5 13. Bb2 Nxd3 14. Bxf6 gxf6 15. Re3 Nxf2 16. Kxf2 Bc5 17. cxd5 Rhe8 18. Nc4 cxd5 19. Bxd5 Qf4+ 20. Ke2 Rxe3+ 21. Nxe3 Qxe3+ 0-1

[Event "Live Chess"]
[Site "Chess.com"]
[Date "2023.05.20"]
[Round "-"]
[White "IanCalvert2"]
[Black "FlyingChessKestrel13"]
[Result "1/2-1/2"]
[WhiteElo "1612"]
[BlackElo "2141"]
[TimeControl "300"]
[EndTime "9:35:25 PDT"]
[Termination "Game drawn by repetition"]

1. b3 Nf6 2. Bb2 e6 3. Nf3 Be7 4. g3 O-O 5. Bg2 d5 6. c4 c6 7.
O-O Nbd7 8. d4 b6 9. Nbd2 Bb7 10.
e3 c5 11. Qe2 Ne4 12. cxd5 exd5 13. Nxe4 dxe4 14. Nd2 f5 15. Rfd1 Qe8 16. dxc5 Nxc5 17.
Nc4 Nd3 18. Rxd3 exd3 19. Qxd3 Bxg2 20. Kxg2 Bf6 21. Bxf6 Rxf6 22. Qd5+ Kh8 23. Rd1 Qc6 24. Ne5 Qxd5+ 25. Rxd5 h6 26. Nf3 a5 27. Nd4 a4 28. Rxf5 Rxf5 29. Nxf5 axb3 30. axb3 Ra3 31. Nd4 Kg8 32. h4 Kf7 33. f4 Kf6 34. Kf3 Ra1 35.
g4 Rh1 36. g5+ Kf7 37. Kg4 hxg5 38. hxg5 Re1 39. Kf3 Rd1 40. Ke4 Rd2 41. f5 Rg2 42. Kf4 Rf2+ 43. Ke5 Rd2 44. e4 Rd3 45. f6 gxf6+ 46.
gxf6 Rd1 47. Nf5 Rd3 48. Nd4 Rd1 49. Nf5 Rd3 50. Nd4 1/2-1/2

[Event "Live Chess"]
[Site "Chess.com"]
[Date "2023.05.20"]
[Round "-"]
[White "defenderalist"]
[Black "LL220284LL"]
[Result "0-1"]
[WhiteElo "1592"]
[BlackElo "2407"]
[TimeControl "300"]
[EndTime "9:35:25 PDT"]
[Termination "LL220284LL won by resignation"]

1. e4 c6 2. Nf3 d5 3. exd5 cxd5 4. d4 Nf6 5. Nc3 e6 6. Bb5+ Bd7 7. Bxd7+ Nbxd7 8. O-O Bd6 9. Bg5 h6 10. Bh4 O-O 11. Ne2 Rc8 12. c3 Qb6 13. Qd2 Ne4 14. Qc2 f5 15. Nd2 g5 16. Bg3 f4 17. Nxe4 dxe4 18.
Qxe4 Rf6 19. Bh4 Qc6 20. Qd3 Nf8 21. f3 gxh4 22. Rae1 Qc4 23. Qe4 Qd5 24. Qd3 h3 25.
g4 fxg3 26. Nxg3 Bxg3 27. hxg3 Nh7 28. Kh2 Rcf8 29. Re5 Rxf3 30. Qg6+ Kh8 31. Rxd5 Rxf1 32. Rd7 R8f2+ 33. Kxh3 Rh1+ 34. Kg4 h5+ 35. Qxh5 Rxh5 36. Kxh5 Nf6+ 0-1

[Event "Live Chess"]
[Site "Chess.com"]
[Date "2023.05.20"]
[Round "-"]
[White "Singapourfeuj"]
[Black "Balu13"]
[Result "1-0"]
[WhiteElo "2290"]
[BlackElo "835"]
[TimeControl "300"]
[EndTime "9:35:30 PDT"]
[Termination "Singapourfeuj won by resignation"]

1. d4 d5 2. e4 c6 3. Nc3 dxe4 4. f3 Nf6 5. Bc4 e6 6. Bg5 Bb4 7. fxe4 Bxc3+ 8. bxc3 Nbd7 9. Nf3 b5 10. Bd3 h6 11.
Bh4 Qa5 12. Qd2 Ba6 13. O-O Ng4 14. h3 Ngf6 15. Rae1 Qxa2 16. Ra1 Qb2 17. Rfb1 Qxb1+ 18. Rxb1 Bc8 19. Bxf6 Nxf6 20. Ne5 a6 21. Nxc6 Bb7 22. d5 exd5 23. exd5 Nxd5 24. Re1+ Kd7 25. Ne5+ Kc7 26.
Nxf7 Rhf8 27. Bg6 Nf4 28. Qd6+ 1-0

[Event "Live Chess"]
[Site "Chess.com"]
[Date "2023.05.20"]
[Round "-"]
[White "boilerboy1"]
[Black "bedsdrout"]
[Result "1-0"]
[WhiteElo "1095"]
[BlackElo "100"]
[TimeControl "300"]
[EndTime "9:35:30 PDT"]
[Termination "boilerboy1 won by checkmate"]

1. e4 e5 2. Nc3 Bc5 3. Nf3 Nc6 4.
Be2 Nd4 5. Nxd4 Qf6 6. Nf5 d6 7. O-O Qg5 8. Nd5 c6 9. Nc7+ Kd8 10. Nxa8 d5 11. d4 dxe4 12. Bxg5+ Kd7 13. dxc5+ Ke6 14. Nxg7# 1-0

[Event "Live Chess"]
[Site "Chess.com"]
[Date "2023.05.20"]
[Round "-"]
[White "PureMellowPlan"]
[Black "AwesomeFredster"]
[Result "0-1"]
[WhiteElo "606"]
[BlackElo "1570"]
[TimeControl "300"]
[EndTime "9:35:34 PDT"]
[Termination "AwesomeFredster won by resignation"]

1. e4 e5 2. Nf3 Nc6 3. Nc3 Nf6 4. Bb5 d6 5. Bxc6+ bxc6 6. O-O d5 7. d3 Bc5 8. Re1 O-O 9. Be3 Bb6 10. Bxb6 cxb6 11.
exd5 cxd5 12. Nxe5 Qd6 13. Nf3 Ng4 14. g3 Bb7 15. Qd2 d4 16. Qf4 Qxf4 17. Ne2 0-1

[Event "Live Chess"]
[Site "Chess.com"]
[Date "2023.05.20"]
[Round "-"]
[White "MaximKris"]
[Black "AttackingSnowLeopard"]
[Result "0-1"]
[WhiteElo "1795"]
[BlackElo "2032"]
[TimeControl "300"]
[EndTime "9:35:35 PDT"]
[Termination "AttackingSnowLeopard won by checkmate"]

1. e4 e5 2. Nf3 Nc6 3. Bb5 Nf6 4. O-O Nxe4 5. Re1 Nd6 6. Bxc6 dxc6 7. Nxe5 Be7 8. Nc3 O-O 9. d4 Nf5 10. Be3 Bf6 11.
Nf3 Be6 12. Qd3 Nd6 13. Rad1 Bf5 14. Qe2 Re8 15. Rd2 Ne4 16. Nxe4 Bxe4 17. Bf4 Bxf3 18.
Qxe8+ Qxe8 19. Rxe8+ Rxe8 20. gxf3 Re7 21. c3 g5 22. Bg3 h5 23. h3 Kg7 24. f4 g4 25.
hxg4 hxg4 26. d5 Rd7 27. c4 cxd5 28. cxd5 Kg6 29. b3 Kf5 30. Rc2 Ke4 31. d6 cxd6 32. Rc8 d5 33. Kf1 d4 34. Ke2 d3+ 35. Kd2 Kf3 36.
Re8 Bc3+ 37. Kd1 Bd4 38. Rg8 f5 39. Rg5 Bxf2 40. Bxf2 Kxf2 41. Rxf5 g3 42. Rg5 g2 43. f5 g1=Q+ 44. Rxg1 Kxg1 45. Kd2 Kf2 46. f6 Kf3 47. f7 Rxf7 48. Kxd3 Rc7 49. a4 a5 50. Kd4 Ke2 51. Kd5 Kd2 52. Kd6 Rc8 53. Kd7 Rc1 54.
Kd6 Rc3 55. Kd5 Kc2 56. Ke5 Kxb3 57. Ke6 Kxa4 58. Kd6 Kb3 59. Kd5 a4 60. Ke5 a3 61.
Ke6 a2 62. Kd6 a1=Q 63. Kd5 Qd1+ 64. Ke5 Re3+ 65. Kf5 Qf1+ 66. Kg5 Rg3+ 67. Kh4 Qh3# 0-1

[Event "Live Chess"]
[Site "Chess.com"]
[Date "2023.05.20"]
[Round "-"]
[White "Tilbs_12"]
[Black "Nazarenko_vital"]
[Result "0-1"]
[WhiteElo "1599"]
[BlackElo "1584"]
[TimeControl "300"]
[EndTime "9:35:35 PDT"]
[Termination "Nazarenko_vital won by checkmate"]

1. e4 d5 2. exd5 Qxd5 3. Nc3 Qa5 4. Bc4 Nf6 5. Nf3 Bg4 6. O-O e6 7. d3 c6 8. h3 Bh5 9. Bf4 Qd8 10. Re1 Bd6 11.
Bh2 Bxh2+ 12. Kxh2 Qc7+ 13. Kg1 Nbd7 14. Ne4 Nxe4 15. Rxe4 O-O-O 16. Qd2 Nf6 17. Ree1 Bxf3 18. gxf3 h5 19. a4 Rh6 20. Kh1 Nd5 21. Bxd5 Rxd5 22. c4 Rf5 23. Re3 Qf4 24. Qe2 Qh4 25. Kh2 Rg6 26. Re4 Qg5 27. Qf1 Rxf3 28. Re2 Qf4+ 29. Kh1 Rgg3 30. Kh2 Rxh3+ 31. Kg2 Qg4# 0-1